[Event "*** SCC Grand Prix: Titled Tuesday Blitz"]
[Site "Chess.com"]
[Date "2020.09.08"]
[Round "3"]
[White "Aemulus20"]
[Black "Snegokhod"]
[Result "0-1"]
[WhiteElo "2548"]
[BlackElo "2370"]
[TimeControl "180+1"]
[EndTime "10:29:15 PDT"]
[Termination "Snegokhod won by resignation"]

1. e4 c5 2. Nf3 d6 3. d4 cxd4 4. Nxd4 Nf6 5. Nc3 a6 6. Be2 e6 7.
O-O Be7 8. Kh1 O-O 9. f4 Qc7 10. Bf3 Nc6 11. Be3 Re8 12. a4 Rb8 13. Qe1 Nxd4 14.
Bxd4 e5 15. Be3 exf4 16. Bxf4 Be6 17. Qg3 Nd7 18. Bg4 Ne5 19. Bxe6 fxe6 20. Qh3 Bf6 21. Rad1 b5 22. axb5 axb5 23. Rf2 b4 24. Ne2 Qxc2 25. Rd2 Qb1+ 26. Ng1 Qxe4 27. Rxd6 Nc4 28. Rd7 Rbd8 29. Rxd8 Rxd8 30. Re2 Qxf4 31. Qxe6+ Kf8 32. g3 Qd4 33. Re4 Qd5 34. Qxd5 Rxd5 35. Rxc4 b3 36. Rb4 Rd3 37. Ne2 Bxb2 38. Kg2 Bf6 39. Kf2 b2 40. Ke1 Ra3 41. Kd2 Ra1 42. Kc2 Re1 0-1

[Event "*** SCC Grand Prix: Titled Tuesday Blitz"]
[Site "Chess.com"]
[Date "2020.09.08"]
[Round "3"]
[White "Shield12"]
[Black "Rodchenkov_Vitalij"]
[Result "1-0"]
[WhiteElo "2816"]
[BlackElo "2573"]
[TimeControl "180+1"]
[EndTime "10:29:16 PDT"]
[Termination "Shield12 won by resignation"]

1. e4 c6 2. d4 d5 3. exd5 cxd5 4.
Bd3 Nc6 5. c3 g6 6. h3 Bg7 7.
Nf3 Nh6 8. O-O O-O 9. Re1 f6 10. c4 e6 11. Nc3 Nf7 12. a3 b6 13. cxd5 exd5 14. Qb3 Ne7 15. Bd2 Bb7 16. Re6 Nd6 17. Rae1 Rf7 18. Qb4 Ne4 19. Nxe4 dxe4 20. Bxe4 Bxe4 21. R1xe4 Nd5 22. Qc4 Qd7 23. Re1 Bf8 24. Qb3 Rc8 25. R6e2 Kg7 26. Qd3 Qa4 27. Qe4 Rd7 28.
Qh4 Kg8 29. Bh6 Bxh6 30. Qxh6 Rdc7 31. h4 Qd7 32. Re6 Qg7 33. Qd2 Qf7 34. g3 Rc2 35. Qd3 Rxb2 36. Rd6 Rbc2 37. Qe4 Nc3 38. Qxc2 1-0

[Event "*** SCC Grand Prix: Titled Tuesday Blitz"]
[Site "Chess.com"]
[Date "2020.09.08"]
[Round "3"]
[White "bazar-wokzal"]
[Black "kinga2008"]
[Result "1-0"]
[WhiteElo "2476"]
[BlackElo "2144"]
[TimeControl "180+1"]
[EndTime "10:29:17 PDT"]
[Termination "bazar-wokzal won by checkmate"]

1. e4 c5 2. c3 d5 3. exd5 Qxd5 4. d4 cxd4 5. cxd4 Nc6 6. Nf3 Bg4 7. Nc3 Qh5 8. d5 Ne5 9. Bb5+ Kd8 10. Be2 Bxf3 11. gxf3 Qf5 12. Be3 Nf6 13. Rg1 h6 14. Qb3 Qd7 15.
O-O-O a6 16. Kb1 b5 17. Ka1 Rc8 18. Bb6+ Ke8 19. Nxb5 Nxf3 20. Qxf3 axb5 21. Qb3 b4 22. a4 Ra8 23. a5 Qd6 24. Bb5+ Nd7 25. Bxd7+ Qxd7 26. Qxb4 Qd6 27. Qb5+ Qd7 28. Qxd7+ Kxd7 29. Rc1 e6 30. Rc7+ Kd6 31. dxe6 fxe6 32. Rd1+ Ke5 33. Rf7 Bb4 34. Bc7+ Ke4 35. Rf4# 1-0

[Event "*** SCC Grand Prix: Titled Tuesday Blitz"]
[Site "Chess.com"]
[Date "2020.09.08"]
[Round "3"]
[White "AnishOnYoutube"]
[Black "Caracternin123"]
[Result "0-1"]
[WhiteElo "2939"]
[BlackElo "2698"]
[TimeControl "180+1"]
[EndTime "10:29:18 PDT"]
[Termination "Caracternin123 won by resignation"]

1. e4 Nf6 2. e5 Nd5 3. c4 Nb6 4. d4 d6 5. f4 dxe5 6. fxe5 Nc6 7. Be3 Bf5 8. Nf3 e6 9. Nc3 Be7 10. Be2 O-O 11. O-O f6 12. exf6 Bxf6 13. Kh1 Qe8 14.
Qd2 Rd8 15. Rad1 Nxd4 16. Nxd4 c5 17. Ncb5 cxd4 18. Bf4 d3 19. Bf3 Nxc4 20. Qb4 Nxb2 21. Rb1 d2 22. Rxb2 Bxb2 23. Qxb2 Bd3 24. Nc7 Qd7 25.
Qxd2 Bxf1 26. Qe3 Bc4 27. h3 Rxf4 28. Qxf4 Qd4 29. Qg5 Qa1+ 30. Kh2 Qf6 31. Qe3 Rc8 32.
Qc5 Qf4+ 0-1

[Event "*** SCC Grand Prix: Titled Tuesday Blitz"]
[Site "Chess.com"]
[Date "2020.09.08"]
[Round "3"]
[White "DvaHrasta"]
[Black "Morshynska"]
[Result "1-0"]
[WhiteElo "2480"]
[BlackElo "2172"]
[TimeControl "180+1"]
[EndTime "10:29:18 PDT"]
[Termination "DvaHrasta won on time"]

1. c4 c6 2. e4 d5 3. exd5 cxd5 4. cxd5 Qxd5 5. Nc3 Qd8 6. d4 Nf6 7. d5 a6 8. h4 e6 9. Bg5 Be7 10. Qa4+ Bd7 11.
Qb3 b5 12. Rd1 Qb6 13. Nf3 O-O 14.
Ne5 Bc8 15. d6 Bxd6 16. Bxf6 gxf6 17. Ng4 Be5 18. Rh3 Nd7 19. Ne4 Qb7 20. Qf3 f5 21.
Nxe5 Nxe5 22. Qg3+ Ng6 23. Nd6 Qc7 24. h5 f4 25. Qg4 e5 26. Nxc8 Raxc8 27. hxg6 fxg6 28.
Qe6+ Kh8 29. Bd3 Qg7 30. Be4 Rc7 31. Bxg6 1-0

[Event "*** SCC Grand Prix: Titled Tuesday Blitz"]
[Site "Chess.com"]
[Date "2020.09.08"]
[Round "3"]
[White "DenLaz"]
[Black "LuisFSiles"]
[Result "1-0"]
[WhiteElo "2744"]
[BlackElo "2350"]
[TimeControl "180+1"]
[EndTime "10:29:19 PDT"]
[Termination "DenLaz won on time"]

1. d4 Nf6 2. c4 g6 3. Nc3 Bg7 4. e4 d6 5. Be2 O-O 6. Be3 a6 7.
Nf3 c6 8. a4 a5 9. O-O Na6 10.
h3 Nb4 11. Re1 d5 12. e5 Ne4 13. Nd2 Nxd2 14. Qxd2 dxc4 15. Bxc4 Be6 16. Bxe6 fxe6 17. Rad1 Qd7 18. Qe2 Rf5 19. Ne4 Qd5 20. Ng3 Rff8 21. h4 Qb3 22. h5 Qxa4 23. Qc4 Qb5 24. Qxe6+ Kh8 25. hxg6 hxg6 26. Qxg6 Qd5 27. Nf5 Qg8 28. Nxe7 Qh7 29. Qg4 1-0

[Event "*** SCC Grand Prix: Titled Tuesday Blitz"]
[Site "Chess.com"]
[Date "2020.09.08"]
[Round "3"]
[White "sodastream007"]
[Black "Tooweak2slow03"]
[Result "0-1"]
[WhiteElo "2546"]
[BlackElo "2795"]
[TimeControl "180+1"]
[EndTime "10:29:19 PDT"]
[Termination "Tooweak2slow03 won by checkmate"]

1. d4 e6 2. e4 d5 3. Nd2 Nc6 4. Ngf3 Nf6 5. e5 Nd7 6. Nb3 f6 7. Bb5 a6 8. Bxc6 bxc6 9. O-O c5 10. c4 dxc4 11. Na5 c6 12. Nxc4 Be7 13. dxc5 O-O 14.
exf6 Nxf6 15. Be3 a5 16. Qxd8 Rxd8 17. Rfe1 Ra6 18. Rad1 Rxd1 19. Rxd1 Nd5 20. Bd4 Bd7 21. Nfe5 Be8 22. Nd6 Kf8 23. Rd3 Ra8 24. Nxe8 Kxe8 25. Nxc6 Nb4 26. Nxb4 axb4 27. a3 Rd8 28. Rd2 bxa3 29.
bxa3 Bg5 30. Re2 Rxd4 31. Rxe6+ Kf7 32. Rd6 Rc4 33. g3 Rxc5 34. a4 Rc4 35. a5 Be7 36. Rb6 Bc5 37. Rb7+ Kf6 38. a6 Rc2 39. Kg2 Rxf2+ 40.
Kh3 Ra2 41. Rc7 Bg1 42. Rc6+ Kg5 43. g4 Kf4 44. Rc4+ Kf3 45. Rc3+ Be3 46. Rc7 Rxa6 47. Rxg7 Rh6# 0-1

[Event "*** SCC Grand Prix: Titled Tuesday Blitz"]
[Site "Chess.com"]
[Date "2020.09.08"]
[Round "3"]
[White "AsaHoffmann"]
[Black "Shota_Azaladze"]
[Result "0-1"]
[WhiteElo "2406"]
[BlackElo "2664"]
[TimeControl "180+1"]
[EndTime "10:29:19 PDT"]
[Termination "Shota_Azaladze won on time"]

1. d4 g6 2. e4 Bg7 3. Be3 c6 4. Qd2 Qb6 5. c3 d6 6. Bd3 Nf6 7. f3 O-O 8. Ne2 Nbd7 9. Na3 Qc7 10. Bh6 e5 11. h4 d5 12. h5 dxe4 13. Bxg7 exd3 14.
Bxf8 dxe2 15. Bh6 exd4 16. Qxe2 dxc3 17. O-O-O Nf8 18. hxg6 Nxg6 19. Bg5 Be6 20. bxc3 Nd5 21. Nb1 Re8 22. Rhe1 Qg3 23. Bh6 Qh4 24. Bd2 h5 25. g3 Qf6 26. f4 Qf5 27. Qe4 Qxe4 28. Rxe4 Rc8 29. Rh1 Bg4 30. f5 Nge7 31. f6 Bf3 32. fxe7 Bxe4 33. Re1 f5 34. Bg5 Kf7 35. Nd2 Nxc3 36. Kb2 Nd5 37. Nxe4 fxe4 38. Rxe4 Re8 39. Bh4 Nxe7 40. Bxe7 Rxe7 41. Rh4 Kg6 0-1

[Event "*** SCC Grand Prix: Titled Tuesday Blitz"]
[Site "Chess.com"]
[Date "2020.09.08"]
[Round "3"]
[White "GukeshDommaraju"]
[Black "SCIM"]
[Result "1-0"]
[WhiteElo "2756"]
[BlackElo "2501"]
[TimeControl "180+1"]
[EndTime "10:29:20 PDT"]
[Termination "GukeshDommaraju won by resignation"]

1. e4 e5 2. Nf3 Nc6 3. Bb5 g6 4. O-O Bg7 5. c3 a6 6. Ba4 Nge7 7. d4 exd4 8. cxd4 b5 9. Bb3 d6 10. h3 O-O 11. Nc3 Na5 12. Bc2 c5 13. Bg5 h6 14.
Bh4 g5 15. Bg3 Nc4 16. b3 Na3 17. Bd3 Bb7 18. Rc1 Rc8 19. Qd2 c4 20. bxc4 Nxc4 21. Qe2 Ng6 22. a4 Qd7 23. axb5 axb5 24. Nxb5 Qxb5 25.
Bxc4 Rxc4 26. Qxc4 Qxc4 27. Rxc4 Ba6 28. Rfc1 Bxc4 29.
Rxc4 Re8 30. d5 Ne5 31. Bxe5 Bxe5 32. Rc6 Bg7 33. Nd2 Ra8 34. g3 Ra2 35. Nf3 Re2 36.
Rxd6 Rxe4 37. Rc6 f5 38. d6 Kf7 39. Rc7+ Kf8 40. d7 Bf6 41. Rc8+ Kf7 42. d8=Q 1-0

[Event "*** SCC Grand Prix: Titled Tuesday Blitz"]
[Site "Chess.com"]
[Date "2020.09.08"]
[Round "3"]
[White "1stSecond"]
[Black "eightbyeightchess"]
[Result "1-0"]
[WhiteElo "2789"]
[BlackElo "2436"]
[TimeControl "180+1"]
[EndTime "10:29:22 PDT"]
[Termination "1stSecond won on time"]

1. e4 e6 2. d4 d5 3. e5 c5 4. c3 Qb6 5. f4 Bd7 6. a3 f6 7. Nf3 Be7 8. b4 cxd4 9. cxd4 Nh6 10. Nc3 fxe5 11. fxe5 Nf5 12. Bd3 O-O 13. O-O Nxd4 14. Be3 Nxf3+ 15. Rxf3 d4 16. Rh3 g6 17. Bxg6 hxg6 18. Qg4 Be8 19. Bxd4 Qc6 20. Ne4 Nd7 21. Ng5 Bxg5 22. Qxg5 Qe4 23. Rh4 Qf5 24. Qh6 Qh5 25. Rxh5 gxh5 26. Qxe6+ Bf7 27. Qxd7 Rad8 28. Qe7 Rxd4 29.
Qg5+ Kh7 30. Qf5+ Kg7 31. e6 1-0

[Event "*** SCC Grand Prix: Titled Tuesday Blitz"]
[Site "Chess.com"]
[Date "2020.09.08"]
[Round "3"]
[White "paulrusan"]
[Black "JesseKraai"]
[Result "0-1"]
[WhiteElo "2264"]
[BlackElo "2510"]
[TimeControl "180+1"]
[EndTime "10:29:22 PDT"]
[Termination "JesseKraai won by resignation"]

1. e4 d6 2. d4 Nf6 3. Nc3 e5 4. Nf3 Nbd7 5. Bc4 Be7 6. O-O c6 7. a4 O-O 8. Re1 Qc7 9. h3 b6 10. d5 Bb7 11. Qe2 a6 12. dxc6 Qxc6 13. Nd5 Nxd5 14.
Bxd5 Qc7 15. Bxb7 Qxb7 16. Bg5 Bxg5 17. Nxg5 Rac8 18. c4 Nc5 19. Ra3 h6 20. Nf3 Rc6 21. Nd2 Ne6 22. g3 Nd4 23. Qd1 Qd7 24. Kg2 f5 25.
Rd3 f4 26. b3 Rc7 27. Rxd4 exd4 28. Nf3 fxg3 29. fxg3 Qf7 30. Rf1 Qf6 31. Qxd4 Qxd4 32. Nxd4 Rxf1 33. Kxf1 Kf7 34. Ke2 Kf6 35. Kd3 g6 36. Ne2 Ke5 37. Nf4 g5 38. Nd5 Rf7 39. Nxb6 Rf3+ 40. Kc2 Rxg3 41. a5 Rxh3 42. b4 g4 43. b5 Ra3 44. Nd7+ Ke6 45. Nf8+ Ke7 46. b6 Rf3 47. Ng6+ Kd7 48. c5 dxc5 49. Ne5+ Kc8 50. Nxf3 gxf3 51. Kd2 c4 52. e5 c3+ 53. Kxc3 f2 54. e6 f1=Q 55. e7 Qe2 0-1

[Event "*** SCC Grand Prix: Titled Tuesday Blitz"]
[Site "Chess.com"]
[Date "2020.09.08"]
[Round "3"]
[White "kayrakamer"]
[Black "Matols"]
[Result "0-1"]
[WhiteElo "2600"]
[BlackElo "2266"]
[TimeControl "180+1"]
[EndTime "10:29:22 PDT"]
[Termination "Matols won on time"]

1. e4 e6 2. d4 d5 3. Nd2 c5 4.
Ngf3 cxd4 5. Nxd4 Nf6 6. Bb5+ Bd7 7. exd5 Nxd5 8. Bxd7+ Nxd7 9. c4 Nf4 10. N2f3 Bb4+ 11. Kf1 Qf6 12. Qa4 Bc5 13. Bxf4 Qxf4 14. Rd1 Rd8 15.
g3 Qf6 16. Kg2 O-O 17. Nb3 Ne5 18.
Nxe5 Qxf2+ 19. Kh3 Qf5+ 20. g4 Qxe5 21. Rhe1 Qg5 22.
Rxd8 Rxd8 23. Nxc5 Qxc5 24. Qc2 h5 25. Re4 hxg4+ 26. Rxg4 Qh5+ 27. Kg3 Qe5+ 28. Kg2 f5 29. Rg3 Qf4 30. Rf3 Rd2+ 31. Kg1 Qg5+ 32. Kf1 Rxc2 0-1

[Event "*** SCC Grand Prix: Titled Tuesday Blitz"]
[Site "Chess.com"]
[Date "2020.09.08"]
[Round "3"]
[White "markberk"]
[Black "AliKa2810"]
[Result "0-1"]
[WhiteElo "2384"]
[BlackElo "2584"]
[TimeControl "180+1"]
[EndTime "10:29:23 PDT"]
[Termination "AliKa2810 won on time"]

1. Nf3 d5 2. g3 Nc6 3. d4 Bg4 4. Bg2 Qd7 5. c4 e6 6. Nc3 dxc4 7. O-O Nf6 8. Ne5 Nxe5 9. dxe5 Qxd1 10. Rxd1 Nd5 11. Nxd5 exd5 12. Bxd5 Bxe2 13. Re1 Bd3 14. Bxb7 Rb8 15. Bc6+ Kd8 16. b3 Bb4 17. Rd1 Bc3 18.
Bg5+ Kc8 19. Rac1 Bb2 20. Rxc4 Bxc4 21. bxc4 Rb6 22. Bd7+ Kb8 23. c5 Rg6 24. Rb1 c6 25. e6 Rxg5 26. e7 Kc7 27. e8=Q Rxe8 28. Bxe8 Bd4 29.
Bxf7 Rf5 30. Bb3 Rxf2 31. Rd1 Bxc5 32. Kh1 a5 33. Rc1 Kb6 34. Rb1 Bb4 35. Rd1 c5 36.
Rd6+ Kc7 37. Ra6 Rf1+ 38. Kg2 Rc1 0-1

[Event "*** SCC Grand Prix: Titled Tuesday Blitz"]
[Site "Chess.com"]
[Date "2020.09.08"]
[Round "3"]
[White "mbojan"]
[Black "KNCP_719"]
[Result "1-0"]
[WhiteElo "2803"]
[BlackElo "2567"]
[TimeControl "180+1"]
[EndTime "10:29:24 PDT"]
[Termination "mbojan won on time"]

1. e4 c6 2. Bc4 d5 3. Bb3 e6 4.
Nc3 Nd7 5. Nf3 dxe4 6. Nxe4 Ngf6 7. Nxf6+ Nxf6 8. O-O Be7 9. d4 O-O 10. Bf4 b6 11.
Qe2 Bb7 12. Rad1 Qc8 13. Bg3 c5 14. d5 Ba6 15. c4 Nxd5 16. Rxd5 exd5 17. Qxe7 dxc4 18.
Bc2 c3 19. Rb1 cxb2 20. Qh4 h6 21. Qe4 f5 22. Qd5+ Kh7 23. Be5 Bb7 24. Qb3 Bxf3 25.
Qxf3 Qe6 26. Bxb2 Kh8 27. Bb3 Qg6 28. h3 Rad8 29. Qc3 f4 30. Re1 Rd3 31. Qc4 Rxh3 32. Bc2 1-0

[Event "*** SCC Grand Prix: Titled Tuesday Blitz"]
[Site "Chess.com"]
[Date "2020.09.08"]
[Round "3"]
[White "ClydeHillKid"]
[Black "GasconJR"]
[Result "0-1"]
[WhiteElo "2348"]
[BlackElo "2548"]
[TimeControl "180+1"]
[EndTime "10:29:24 PDT"]
[Termination "GasconJR won on time"]

1. e4 c5 2. Nf3 Nc6 3. d4 cxd4 4.
Nxd4 Nf6 5. Nc3 e5 6. Ndb5 d6 7. Bg5 a6 8. Bxf6 gxf6 9. Na3 b5 10. Nd5 f5 11. Bd3 Be6 12. c3 Bg7 13. Nc2 O-O 14. O-O Bxd5 15. exd5 Ne7 16. Nb4 e4 17. Bc2 Be5 18. f4 Bf6 19. a4 a5 20. Nc6 Nxc6 21.
dxc6 Qb6+ 22. Kh1 Qxc6 23. axb5 Qxb5 24. Qxd6 Ra6 25. Qa3 Rb8 26. b4 Rba8 27. c4 Qxc4 28. Qg3+ Kh8 29. Bb3 Qxb4 30. Ra4 Qb5 31. Rc1 Rg8 32.
Qe3 Rd6 33. Bc2 Qb2 34. h3 Rd3 35. Qe1 Rc3 0-1

[Event "*** SCC Grand Prix: Titled Tuesday Blitz"]
[Site "Chess.com"]
[Date "2020.09.08"]
[Round "3"]
[White "Fh2411"]
[Black "gmpeter008"]
[Result "0-1"]
[WhiteElo "2524"]
[BlackElo "2360"]
[TimeControl "180+1"]
[EndTime "10:29:24 PDT"]
[Termination "gmpeter008 won by checkmate"]

1. d4 Nf6 2. Nf3 e6 3. Bf4 Bd6 4. Bg3 Ne4 5. e3 f5 6. Nbd2 Nxd2 7. Qxd2 O-O 8. Bd3 b6 9. Ne5 Bb7 10. f4 Nc6 11. c3 Ne7 12. Bh4 Qe8 13. Bxe7 Bxe7 14. O-O d6 15. Nf3 c5 16. Rae1 Be4 17.
Qc2 Qc6 18. Bxe4 fxe4 19. Nd2 cxd4 20. Nxe4 dxe3 21. Rxe3 d5 22. Ng5 Bxg5 23. fxg5 Qc5 24. Qe2 e5 25. Re1 e4 26. h3 Rae8 27. Qg4 a5 28. g6 hxg6 29. Qxg6 Re5 30. Kh1 Rf6 31. Qg4 Ref5 32. Kh2 Rf1 33. Rg3 Qg1# 0-1

[Event "*** SCC Grand Prix: Titled Tuesday Blitz"]
[Site "Chess.com"]
[Date "2020.09.08"]
[Round "3"]
[White "barriochess"]
[Black "rududuyk"]
[Result "1-0"]
[WhiteElo "2368"]
[BlackElo "2149"]
[TimeControl "180+1"]
[EndTime "10:29:24 PDT"]
[Termination "barriochess won by resignation"]

1. d4 e6 2. e4 d5 3. e5 c5 4. c3 Nc6 5. Nf3 Bd7 6. Be2 Nge7 7. O-O Nf5 8. g4 Nfe7 9. a3 cxd4 10. cxd4 h5 11. h3 hxg4 12. hxg4 Ng6 13. Be3 Be7 14. Nc3 a6 15. b4 b5 16. Kg2 Qc7 17. Rc1 O-O-O 18. a4 bxa4 19. Bxa6+ Kb8 20. b5 Nb4 21.
Nxa4 Qa7 22. Nc5 Bc8 23. Ra1 Nxa6 24. Nxa6+ Bxa6 25. Rxa6 Qb7 26. Qa4 Rc8 27. Rb1 Nh4+ 28. Nxh4 Rxh4 29. b6 Qc6 30. Qd1 f6 31. Rba1 fxe5 32.
Ra8+ Qxa8 33. Rxa8+ Kxa8 34. Qa4+ Kb7 35. Qa7+ Kc6 36. b7 Rc7 37. Qa6+ Kd7 38. b8=Q 1-0

[Event "*** SCC Grand Prix: Titled Tuesday Blitz"]
[Site "Chess.com"]
[Date "2020.09.08"]
[Round "3"]
[White "Th3_Hound"]
[Black "ItsCheckM8Mate"]
[Result "1-0"]
[WhiteElo "2603"]
[BlackElo "2319"]
[TimeControl "180+1"]
[EndTime "10:29:25 PDT"]
[Termination "Th3_Hound won on time"]

1. e4 e5 2. Nf3 Nc6 3. Bb5 g6 4. c3 a6 5. Ba4 Bg7 6. O-O Nge7 7. d4 exd4 8. cxd4 b5 9. Bc2 d5 10. e5 O-O 11. h3 f6 12. exf6 Bxf6 13. Bh6 Bg7 14. Bxg7 Kxg7 15. Nbd2 Qd6 16. Nb3 a5 17. Re1 a4 18. Nc5 Kh8 19. Ne5 Qf6 20. Qd2 Nxe5 21.
dxe5 Qb6 22. Qd4 Be6 23. Nxe6 Qxe6 24. Rad1 c6 25. h4 Rf7 26. h5 Raf8 27. hxg6 Nxg6 28. Rd2 Rf4 29. Qe3 Rg4 30. Qh3 Rf7 31. f3 Rxg2+ 32.
Qxg2 Nf4 33. Qh2 Rg7+ 34. Kh1 Rg5 35. Qxf4 Qh3+ 36. Rh2 1-0

[Event "*** SCC Grand Prix: Titled Tuesday Blitz"]
[Site "Chess.com"]
[Date "2020.09.08"]
[Round "3"]
[White "SamuelGhimpu2003"]
[Black "AlexOstrovskiy"]
[Result "1-0"]
[WhiteElo "2511"]
[BlackElo "2736"]
[TimeControl "180+1"]
[EndTime "10:29:26 PDT"]
[Termination "SamuelGhimpu2003 won on time"]

1. d4 e6 2. e4 d5 3. Nc3 h6 4.
Nf3 Nf6 5. Bd3 Bb4 6. exd5 exd5 7. O-O O-O 8. h3 c6 9. Re1 Bd6 10. Ne5 Re8 11. Bf4 Be6 12. Qd2 Bf8 13. Be3 Qc8 14. g4 c5 15. f4 c4 16. Bf1 Bb4 17. f5 Ne4 18. Qg2 Bxf5 19. gxf5 Qxf5 20. Nxe4 Bxe1 21. Nd6 Qe6 22. Nxe8 Qxe8 23. Rxe1 Qe6 24. Ng4 Kh7 25. Bd2 Qg6 26. Qxd5 Nc6 27. Qxc4 f5 28. Bd3 Kh8 29. Rf1 Rf8 30. Qd5 Ne7 31. Qe5 Qe8 32. Bb4 fxg4 33.
Rxf8+ Qxf8 34. Qxe7 Qf3 35. Qe8+ 1-0

[Event "*** SCC Grand Prix: Titled Tuesday Blitz"]
[Site "Chess.com"]
[Date "2020.09.08"]
[Round "3"]
[White "vizumatv4hoda"]
[Black "Orest_Vovk"]
[Result "1-0"]
[WhiteElo "2750"]
[BlackElo "2489"]
[TimeControl "180+1"]
[EndTime "10:29:26 PDT"]
[Termination "vizumatv4hoda won on time"]

1. e4 g5 2. d4 g4 3. Nc3 Bg7 4. Be3 d6 5. Be2 h5 6. h3 Nf6 7. hxg4 Nxg4 8. Bxg4 hxg4 9. Rxh8+ Bxh8 10. Qd2 c6 11.
O-O-O Qa5 12. Kb1 Be6 13. Nge2 Nd7 14. Nf4 Nb6 15. Rh1 Kd7 16. Nxe6 fxe6 17. Qe2 c5 18.
dxc5 Bxc3 19. cxb6 Qb4 20. Bc1 axb6 21. Rh7 Rh8 22. a3 Qa5 23. Rxh8 Bxh8 24. Qxg4 Qe1 25. Qf3 Bd4 26. g4 Bxf2 27. g5 Bh4 28. Qg4 Qg3 29.
Qxg3 Bxg3 30. g6 Be5 31. b4 b5 32. Bb2 Bxb2 33. Kxb2 Ke8 34. c4 bxc4 35. Kc3 Kf8 36. a4 Kg7 37. a5 Kxg6 38. b5 d5 39. exd5 exd5 40. a6 bxa6 41. bxa6 1-0

[Event "*** SCC Grand Prix: Titled Tuesday Blitz"]
[Site "Chess.com"]
[Date "2020.09.08"]
[Round "3"]
[White "ASVZ"]
[Black "ExcitingTrap"]
[Result "1-0"]
[WhiteElo "2518"]
[BlackElo "2292"]
[TimeControl "180+1"]
[EndTime "10:29:27 PDT"]
[Termination "ASVZ won by resignation"]

1. e4 e6 2. d4 d5 3. e5 c5 4. c3 Nc6 5. Be3 cxd4 6. cxd4 Qb6 7. Qd2 Nge7 8. Bd3 Nf5 9. Bxf5 exf5 10. Nc3 Be6 11.
Nge2 Be7 12. h4 Rc8 13. h5 Na5 14. b3 Bb4 15. Rc1 O-O 16. h6 g6 17. f3 Ba3 18.
Rc2 Nc6 19. Na4 Qb5 20. Kf2 Nb4 21. Rc5 Nd3+ 22. Kg3 Nxc5 23. Nxc5 b6 24. Nd3 Rc7 25. Bf2 Rfc8 26. b4 Rc2 27. Qg5 Bxb4 28. Rb1 Qe8 29.
Rxb4 Rxe2 30. Nf4 Qf8 31. Ra4 Rec2 32. Rxa7 R2c7 33. Ra6 Rc6 34. Be1 Qd8 35. Kh4 Qxg5+ 36. Kxg5 Kf8 37. Bb4+ Ke8 38. Bd6 b5 39. Ra7 b4 40.
Nxe6 fxe6 41. Rxh7 Ra6 42. Kf6 Rxa2 43. Kxe6 1-0

[Event "*** SCC Grand Prix: Titled Tuesday Blitz"]
[Site "Chess.com"]
[Date "2020.09.08"]
[Round "3"]
[White "Jungle_Jaguar"]
[Black "Annawel"]
[Result "0-1"]
[WhiteElo "2679"]
[BlackElo "2953"]
[TimeControl "180+1"]
[EndTime "10:29:28 PDT"]
[Termination "Annawel won by resignation"]

1. e4 c5 2. Nf3 d6 3. d4 cxd4 4. Nxd4 Nf6 5. Nc3 Nc6 6. Bc4 e6 7. Be3 a6 8. Qe2 Be7 9. O-O-O Na5 10. Bd3 Qc7 11. g4 b5 12. Nb3 Bb7 13. g5 Nd7 14. f4 Nc5 15. Kb1 b4 16. Nxc5 dxc5 17. Na4 c4 18.
Bb6 cxd3 19. Qxd3 Qc6 20. b3 Nc4 21. Qxc4 Qxc4 22. bxc4 Bxe4 23. Rhe1 Bc6 24. Nc5 O-O 25.
Nd7 Rfc8 26. c5 Bf8 27. Nxf8 Kxf8 28. Rd6 g6 29. Kb2 a5 30. h4 Bd5 31. Rd1 a4 32. a3 b3 33. cxb3 axb3 34. Rd4 Ke8 35. a4 Ke7 36. a5 h6 37. Rb4 hxg5 38. hxg5 Rh8 39. Kc3 Rh3+ 40. Kd4 Rf3 41. Ke5 Re3+ 42. Kd4 Re4+ 43. Kc3 Rxb4 44. Kxb4 b2 0-1

[Event "*** SCC Grand Prix: Titled Tuesday Blitz"]
[Site "Chess.com"]
[Date "2020.09.08"]
[Round "3"]
[White "kasparicy"]
[Black "shrek4life02"]
[Result "0-1"]
[WhiteElo "2325"]
[BlackElo "2530"]
[TimeControl "180+1"]
[EndTime "10:29:28 PDT"]
[Termination "shrek4life02 won on time"]

1. e4 c6 2. d4 d5 3. f3 dxe4 4. fxe4 e5 5. Nf3 exd4 6. Bc4 Be6 7. Bxe6 fxe6 8. O-O Be7 9. Nxd4 Qd7 10. Qh5+ g6 11. Qe5 Bf6 12. Rxf6 Nxf6 13. Qxf6 Rf8 14. Qxe6+ Qxe6 15. Nxe6 Rf7 16. Nc3 Na6 17. Bg5 Nc7 18. Nxc7+ Rxc7 19. e5 Kf7 20. Ne4 Ke6 21. Bf6 Re8 22.
Ng5+ Kf5 23. Rf1+ Kg4 24. h3+ Kh5 25. e6 c5 26. e7 Rc6 27. g4+ Kh4 28. Ne6+ Kxh3 29.
Ng7 Rxf6 30. Rxf6 Rxe7 31. Ne6 Kxg4 32. Nxc5 Kg5 33. Rf2 Rc7 34. Nd3 h5 35. Kf1 h4 36.
Kg2 Kh5 37. c3 g5 38. Rf5 Kg6 39. Rd5 Re7 40. Ne5+ Kh5 41. Nf3 Re2+ 42. Kh3 Rxb2 43. Rxg5+ Kh6 44. Kxh4 Rxa2 45. Rc5 Ra4+ 46. Kg3 Kg6 47.
Kf2 Kf6 48. Ke3 Ke6 49. Kd3 Kd6 50. Rh5 Rf4 51. Nd4 a6 52. Rh6+ Kd7 53. Kc4 Rg4 54. Kc5 Rg3 55. c4 Rg1 56. Rh7+ Kc8 57. Rh8+ Kc7 58. Ne6+ Kd7 59. Nf4 Rb1 60. Nd5 a5 61.
Rh7+ Kc8 62. Kd6 Kb8 0-1

[Event "*** SCC Grand Prix: Titled Tuesday Blitz"]
[Site "Chess.com"]
[Date "2020.09.08"]
[Round "3"]
[White "Spriteball"]
[Black "skoularikii"]
[Result "1-0"]
[WhiteElo "2260"]
[BlackElo "2486"]
[TimeControl "180+1"]
[EndTime "10:29:28 PDT"]
[Termination "Spriteball won by resignation"]

1. c4 Nf6 2. Nc3 c5 3. Nf3 g6 4.
g3 Bg7 5. Bg2 O-O 6. O-O Nc6 7. b3 b6 8. Bb2 Bb7 9. d4 Nxd4 10. Nxd4 Bxg2 11. Kxg2 cxd4 12. Qxd4 d6 13. Nd5 Rc8 14. Rad1 Qd7 15. e4 Qb7 16. Kg1 Rfe8 17. Rfe1 b5 18. cxb5 Qxb5 19. Qxa7 Ra8 20. Qe3 Nxd5 21.
Rxd5 Qb4 22. Bxg7 Kxg7 23. Qd2 Reb8 24. e5 dxe5 25. Rexe5 e6 26. Qxb4 Rxb4 27. Ra5 Rc8 28. Re2 Rc1+ 29. Kg2 Ra1 30. Rb2 Rb7 31. b4 Kf6 32. b5 Ke7 33. a4 Kd7 34. Ra6 Kc7 35. Rc2+ Kd7 36. b6 Rb1 37. a5 Rb5 38. Ra2 Rb8 39.
Ra7+ Ke8 40. Rc2 Rd8 41. Rcc7 Rf5 42. b7 1-0

[Event "*** SCC Grand Prix: Titled Tuesday Blitz"]
[Site "Chess.com"]
[Date "2020.09.08"]
[Round "3"]
[White "anon102030"]
[Black "Thereisnof0rk"]
[Result "1-0"]
[WhiteElo "2728"]
[BlackElo "2230"]
[TimeControl "180+1"]
[EndTime "10:29:30 PDT"]
[Termination "anon102030 won by checkmate"]

1. e4 c5 2. Nc3 Nc6 3. g3 g6 4.
Bg2 Bg7 5. d3 d6 6. Be3 e5 7. f4 Nge7 8. Nf3 O-O 9. O-O b6 10.
Qd2 Bd7 11. Rf2 Nd4 12. Raf1 f6 13. f5 gxf5 14. Nh4 Bc6 15. exf5 Bxg2 16. Kxg2 d5 17. Qd1 Qe8 18. g4 Ndc6 19. Bd2 a6 20.
g5 b5 21. Qg4 b4 22. Ne2 Nd4 23. Nxd4 cxd4 24. Bxb4 Rb8 25. Ba3 Rb6 26. Re2 fxg5 27. Qxg5 Kh8 28. Qxe7 Qh5 29. Ref2 Rg8 30. Kh1 Rh6 31.
f6 Bf8 32. f7 Bxe7 33. fxg8=Q+ Kxg8 34. Bxe7 Re6 35. Rg2+ Kh8 36. Rf8# 1-0

[Event "*** SCC Grand Prix: Titled Tuesday Blitz"]
[Site "Chess.com"]
[Date "2020.09.08"]
[Round "3"]
[White "niki_2003"]
[Black "Roza_Idrisova"]
[Result "1/2-1/2"]
[WhiteElo "1640"]
[BlackElo "2149"]
[TimeControl "180+1"]
[EndTime "10:29:31 PDT"]
[Termination "Game drawn by repetition"]

1. d4 d5 2. c4 c6 3. Nf3 Nf6 4. g3 a6 5. Bg2 Bf5 6. b3 e6 7. O-O Be7 8. Bb2 O-O 9. Nbd2 h6 10. Re1 Ne4 11. Nxe4 Bxe4 12. Nd2 Bxg2 13. Kxg2 Nd7 14.
e4 dxe4 15. Nxe4 Nf6 16. Qc2 Nxe4 17. Qxe4 Bf6 18. Rad1 Qc7 19. Ba3 Rfe8 20. Re2 Rad8 21. Bb2 c5 22. dxc5 Bxb2 23. Rxd8 Rxd8 24. Rxb2 Qxc5 25.
Qxb7 a5 26. Re2 Rd1 27. Qa8+ Kh7 28. Qe4+ g6 29. Qf3 Kg7 30. Rxe6 Rd2 31. Qc3+ Qd4 32.
Qxd4+ Rxd4 33. Ra6 Rd2 34. Rxa5 Rc2 35. Kf3 h5 36. c5 Kf6 37. b4 g5 38. Ra6+ Kf5 39.
c6 g4+ 40. Kg2 f6 41. b5 Ke4 42. Ra7 Kd3 43. c7 Ke2 44. b6 Ke1 45. c8=Q Rxf2+ 46. Kg1 Rf1+ 47. Kg2 Rf2+ 48. Kg1 Rf1+ 49. Kg2 Rf2+ 1/2-1/2